Map: Gresvan LE

Players

Nevik

  • Race: Zerg Zerg
  • League: Diamond
  • Spawn Location: 11:00

TerranYOUup - Winner!

  • Race: Terran Terran
  • League: Diamond
  • Spawn Location: 5:00

VOD

Have the link to the VOD?

Description

Time

  • Played on: March 2, 2023, 10:34 a.m.
  • Length: 13:13
Show
View Real Time Build Order
Export as new Build Order

Nevik Zerg 

Build Orders: Pool First 

Get SALT Encoding   

  12  0:01  Drone  
  13  0:14  Overlord  
  13  0:16  Drone  
  14  0:32  Drone x2  
  16  0:36  Drone  
  17  0:46  Drone  
  18  0:50  Spawning Pool  
  17  0:57  Drone  
  18  1:17  Hatchery, Drone, Extractor  
  17  1:20  Drone  
  18  1:36  Queen  
  18  1:37  Zergling x2  
  21  1:44  Roach Warren  
  20  1:50  Overlord  
  20  1:53  Drone  
  21  2:02  Drone  
  22  2:12  Queen  
  24  2:29  Queen  
  26  2:32  Roach x2  
  26  2:33  Roach  
  32  2:45  Drone  
  33  2:55  Overlord  
  33  3:05  Drone  
  34  3:08  Overlord  
  34  3:14  Metabolic Boost  
  34  3:16  Drone x2  
  34  3:18  Overlord  
  34  3:19  Overlord  
  36  3:39  Drone  
  36  3:40  Drone  
  38  3:43  Hatchery  
  37  3:53  Lair  
  37  3:54  Drone x2  
  39  4:02  Drone x3  
  42  4:04  Drone  
  42  4:09  Drone x2  
  45  4:14  Overlord  
  45  4:17  Drone  
  45  4:19  Drone  
  45  4:23  Drone  
  48  4:24  Drone  
  48  4:27  Drone  
  48  4:30  Extractor  
  49  4:32  Drone x2  
  49  4:34  Drone  
  49  4:36  Extractor  
  51  4:39  Drone x2  
  53  4:49  Drone x4  
  57  4:54  Spore Crawler  
  57  4:58  Extractor  
  55  5:04  Queen  
  55  5:06  Drone, Spire  
  57  5:15  Evolution Chamber  
  57  5:16  Drone x3  
  57  5:18  Drone x2  
  57  5:19  Spore Crawler  
  57  5:20  Drone  
  61  5:24  Drone  
  62  5:28  Glial Reconstitution  
  62  5:37  Drone  
  62  5:38  Drone x5  
  62  5:39  Drone  
  69  5:52  Overseer  
  69  5:54  Drone x3  
  72  6:02  Overlord x4  
  72  6:12  Overlord x2  
  72  6:15  Zerg Ground Armor Level 1  
  72  6:18  Roach  
  74  6:22  Overlord x2  
  73  6:26  Roach x2  
  73  6:29  Zergling x2  
  73  6:31  Evolution Chamber  
  73  6:32  Spore Crawler, Roach x2  
  76  6:34  Roach  
  76  6:36  Roach  
  76  6:38  Roach  
  80  6:40  Roach  
  80  6:44  Roach  
  79  6:48  Roach  
  79  6:51  Zergling x2  
  76  6:58  Roach  
  76  6:59  Roach x2  
  76  7:00  Roach x2, Zergling x2  
  80  7:04  Roach  
  82  7:10  Drone  
  82  7:12  Ravager  
  82  7:16  Drone x6  
  82  7:17  Drone  
  82  7:19  Drone  
  89  7:23  Queen  
  89  7:28  Drone x3  
  94  7:34  Drone x2  
  96  7:38  Zerg Missile Weapons Level 1  
  96  7:41  Drone x2, Infestation Pit  
  97  7:58  Mutalisk x4  
  97  8:00  Overlord x3  
  97  8:05  Overlord  
  105  8:12  Extractor  
  104  8:13  Extractor  
  104  8:16  Overlord  
  104  8:17  Hydralisk Den  
  104  8:18  Zerg Melee Weapons Level 1  
  102  8:24  Spine Crawler, Pneumatized Carapace  
  101  8:27  Hatchery  
  101  8:33  Mutalisk x2  
  104  8:36  Overlord  
  104  8:49  Grooved Spines  
  104  9:03  Drone x2  
  104  9:06  Lurker Den  
  104  9:07  Drone x13  
  118  9:11  Drone x2  
  118  9:15  Hydralisk x3, Zergling x2  
  118  9:16  Roach x2  
  131  9:28  Infestor  
  131  9:29  Zergling x2  
  131  9:30  Roach  
  136  9:33  Zergling x2  
  136  9:34  Roach  
  139  9:39  Drone x3, Hatchery  
  139  9:41  Drone  
  139  9:42  Hydralisk, Zergling x2  
  139  9:43  Zergling x2  
  146  9:45  Overseer  
  146  9:48  Pathogen Glands  
  146  9:49  Zergling x2  
  147  9:53  Overlord  
  147  9:59  Overlord  
  147  10:00  Muscular Augments  
  147  10:01  Spore Crawler, Extractor x2  
  147  10:02  Overlord x2  
  147  10:03  Overlord  
  147  10:04  Overlord  
  144  10:07  Overlord  
  144  10:11  Overlord  
  144  10:14  Zerg Melee Weapons Level 2  
  144  10:16  Queen  
  144  10:19  Zerg Missile Weapons Level 2  
  144  10:21  Drone x3  
  149  10:29  Drone x3, Hydralisk x2  
  149  10:30  Roach  
  149  10:34  Hydralisk, Zergling x2  
  149  10:35  Roach  
  163  10:41  Queen, Overseer  
  165  10:47  Hydralisk  
  165  10:48  Spine Crawler, Roach, Zergling x2  
  165  10:49  Spine Crawler, Zergling x2  
  163  10:50  Spine Crawler  
  163  10:51  Roach, Zergling x2  
  163  10:54  Roach, Zergling x2  
  163  10:55  Zergling x2  
  163  10:56  Zergling x2  
  162  10:59  Hydralisk  
  162  11:00  Roach x2  
  162  11:02  Zergling x2  
  162  11:03  Roach  
  165  11:05  Hydralisk  
  165  11:07  Hydralisk  
  165  11:08  Zergling x2  
  165  11:09  Zergling x2  
  165  11:10  Roach  
  146  11:11  Zergling x2  
  146  11:13  Roach, Zergling x2  
  146  11:15  Roach  
  146  11:17  Hydralisk, Zergling x2  
  141  11:20  Roach, Zergling x2  
  141  11:21  Zergling x2  
  141  11:23  Hydralisk, Zergling x2  
  129  11:28  Hydralisk  
  129  11:29  Roach x2, Zergling x2  
  129  11:32  Roach, Zergling x2  
  120  11:35  Roach, Zergling x2  
  120  11:36  Roach  
  120  11:37  Hydralisk  
  120  11:39  Hydralisk  
  117  11:42  Mutalisk  
  117  11:43  Mutalisk  
  117  11:45  Mutalisk  
  117  11:46  Mutalisk  
  120  11:50  Mutalisk  
  120  11:51  Zergling x2  
  117  11:55  Mutalisk  
  117  11:56  Mutalisk x2  
  117  11:58  Hydralisk, Zergling x2  
  117  12:01  Hydralisk, Zergling x2  
  120  12:03  Mutalisk  
  120  12:06  Zergling x2, Mutalisk  
  120  12:08  Mutalisk  
  118  12:11  Roach, Zergling x2  
  118  12:12  Zergling x4  
  118  12:15  Zergling x2  
  117  12:16  Mutalisk  
  117  12:17  Zergling x2  
  117  12:19  Hydralisk, Zergling x2  
  118  12:26  Hydralisk, Zergling x2  
  118  12:27  Hydralisk  
  103  12:30  Zergling x2  
  103  12:36  Hydralisk  
  89  12:37  Roach  
  89  12:42  Hydralisk, Zergling x2  
  95  12:47  Mutalisk x2  
  95  12:49  Zergling x2  
  100  12:54  Hatchery  
Show
View Real Time Build Order
Export as new Build Order

TerranYOUup Terran - Winner!

Build Orders: 2 Factory, Cyclone Opening, Mech 

Get SALT Encoding   

  12  0:01  SCV  
  13  0:13  SCV  
  14  0:17  Supply Depot  
  14  0:25  SCV  
  15  0:30  Refinery  
  15  0:39  SCV  
  16  0:47  Barracks  
  16  0:51  SCV  
  17  0:57  Refinery  
  17  1:03  SCV  
  18  1:15  SCV  
  19  1:27  SCV  
  20  1:35  Factory  
  21  1:41  Orbital Command  
  20  1:49  Factory  
  20  1:53  Barracks Tech Lab  
  20  2:00  Supply Depot  
  20  2:08  SCV  
  21  2:18  Barracks Tech Lab  
  22  2:22  SCV  
  22  2:26  Cyclone  
  25  2:30  Supply Depot  
  25  2:34  SCV  
  26  2:42  Cyclone  
  29  2:58  Cyclone  
  32  3:13  Command Center  
  32  3:23  SCV  
  33  3:41  Command Center  
  33  3:51  Siege Tank  
  33  3:52  Siege Tank  
  39  4:15  Factory  
  39  4:16  Factory  
  39  4:26  Orbital Command  
  39  4:29  Hellion x2  
  43  4:35  SCV  
  44  4:45  Infernal Pre-Igniter  
  44  4:53  SCV  
  44  4:59  Orbital Command  
  45  5:02  Hellion x2  
  49  5:10  SCV x2  
  51  5:16  Hellion x2  
  55  5:22  SCV  
  55  5:24  SCV  
  55  5:26  SCV  
  58  5:30  Hellion  
  58  5:31  Hellion  
  58  5:34  SCV  
  63  5:36  SCV  
  63  5:42  Supply Depot  
  64  5:44  Supply Depot  
  64  5:47  Supply Depot  
  64  5:48  SCV x3  
  67  5:51  Factory Tech Lab  
  67  5:53  Factory Tech Lab  
  67  6:01  Supply Depot  
  67  6:02  Supply Depot  
  67  6:05  SCV x3, Refinery  
  67  6:07  Refinery  
  70  6:16  Cyclone  
  70  6:17  SCV x3  
  76  6:36  Cyclone x3  
  85  6:48  Cyclone  
  86  7:08  Cyclone x3  
  88  7:21  Siege Tank  
  88  7:22  SCV x3  
  89  7:34  SCV  
  89  7:35  Factory  
  90  7:39  Factory  
  90  7:45  Command Center, Orbital Command  
  90  7:53  Engineering Bay  
  90  7:54  Supply Depot  
  90  7:55  SCV x2, Supply Depot  
  94  7:58  Hellion  
  94  7:59  Hellion x3  
  94  8:04  Factory  
  100  8:07  SCV x2  
  100  8:12  Armory  
  102  8:15  SCV  
  102  8:19  SCV x2  
  105  8:27  Sensor Tower, SCV  
  105  8:31  Factory Reactor x2, SCV x2  
  108  8:35  Supply Depot x2  
  108  8:38  Armory  
  108  8:39  SCV  
  108  8:40  Refinery  
  109  8:43  SCV x2, Refinery  
  111  8:51  SCV  
  111  9:01  Supply Depot  
  111  9:05  Supply Depot  
  111  9:07  Supply Depot  
  111  9:08  Supply Depot  
  111  9:10  Supply Depot  
  111  9:14  Missile Turret  
  111  9:21  Missile Turret  
  111  9:23  SCV x3  
  114  9:27  Terran Vehicle Weapons Level 1, Terran Vehicle And Ship Armor Level 1  
  114  9:29  Factory Reactor  
  114  9:30  Cyclone  
  114  9:31  Cyclone x3  
  126  9:32  Hellion x4  
  126  9:34  Smart Servos  
  126  9:35  Mag-Field Accelerator, SCV x3  
  137  9:57  Hellion x3  
  137  9:58  Hellion  
  145  10:03  Cyclone x4  
  145  10:06  Hellion x2  
  161  10:28  Hellion x4  
  169  10:29  Hellion x2  
  169  10:35  Siege Tank x3  
  180  11:02  Siege Tank  
  180  11:03  Hellion x3  
  189  11:07  Siege Tank x3  
  158  11:19  SCV x3  
  158  11:20  SCV  
  158  11:21  Hellion x3  
  158  11:24  Hellion x3  
  150  11:34  Siege Tank  
  150  11:39  Siege Tank  
  153  11:49  Siege Tank x2  
  153  11:50  Hellion x6  
  153  11:52  SCV x2  
  160  12:06  Siege Tank  
  152  12:15  Cyclone  
  155  12:17  Widow Mine x3  
  155  12:21  Cyclone x2  
  167  12:24  Widow Mine x3  
  167  12:25  SCV x2  
  167  12:26  SCV  
  173  12:30  Refinery x2  
  173  12:33  Planetary Fortress  
  171  12:38  Cyclone  
  172  12:44  Command Center  
Tags
 
Add a new tag
Caveats
  • Supply blocks, unpowered buildings, or Contaminate may cause inaccurate times.
  • Supply counts are checked every 10 seconds.